 Dungeon Crawl Stone Soup version 0.23-a0-584-g44dd78f (webtiles) character file.

79 Leeroy the Charmwright (level 4, 0/38 HPs)
             Began as a Gnoll Skald on Dec 17, 2018.
             Succumbed to a worker ant's poison
             ... on level 4 of the Dungeon.
             The game lasted 00:04:54 (1124 turns).

Leeroy the Charmwright (Gnoll Skald)                Turns: 1124, Time: 00:04:55

Health: 0/38       AC:  5    Str: 13    XL:     4   Next: 37%
Magic:  9/9        EV: 13    Int: 16    God:
Gold:   54         SH:  0    Dex: 15    Spells: 2/13 levels left

rFire    . . .     SeeInvis .   a - +0 falchion
rCold    + . .     Gourm    .   (no shield)
rNeg     . . .     Faith    .   t - +0 ring mail
rPois    .         Spirit   .   (no helmet)
rElec    .         Reflect  .   (no cloak)
rCorr    .         Harm     .   (no gloves)
MR       .....                  (no boots)
Stlth    +.........             (no amulet)
HPRegen  0.12/turn              (no ring)
MPRegen  0.11/turn              (no ring)

@: lethally poisoned (0 -> -9), shrouded (expiring)
A: distributed training, fangs 1, cold resistance 1, low mp 1, strong nose
a: no special abilities


You were on level 4 of the Dungeon.
You were not hungry.

You visited 1 branch of the dungeon, and saw 3 of its levels.

You collected 54 gold pieces.

Inventory:

Hand Weapons
 a - a +0 falchion (weapon)
 e - a +0 dagger
 n - a +0 spear
 p - a cursed +0 hunting sling
 r - a +0 vampiric dagger
Missiles
 i - 106 stones (quivered)
 s - 23 bolts
 w - 15 sling bullets
Armour
 b - a +0 leather armour
 t - a +0 ring mail (worn)
Jewellery
 x - a cursed ring of attention
Scrolls
 c - a scroll of remove curse
 j - a scroll of immolation {unknown}
 o - a scroll of identify
Potions
 g - a potion of magic
 k - a potion of brilliance {unknown}
 l - a potion of resistance {unknown}
 m - a potion of ambrosia {unknown}
 q - a potion of lignification {unknown}
 u - a potion of agility {unknown}
Comestibles
 d - 4 rations
 f - 2 chunks of flesh


   Skills:
 + Level 4.6 Fighting
 + Level 1.1 Short Blades
 + Level 4.6 Long Blades
 + Level 1.1 Axes
 + Level 1.1 Maces & Flails
 + Level 1.1 Polearms
 + Level 1.1 Staves
 + Level 1.1 Slings
 + Level 1.1 Bows
 + Level 1.1 Crossbows
 + Level 1.1 Throwing
 + Level 2.7 Armour
 + Level 4.6 Dodging
 + Level 1.1 Stealth
 + Level 1.1 Shields
 + Level 1.1 Unarmed Combat
 + Level 5.0 Spellcasting
 + Level 0.8 Conjurations
 + Level 0.8 Hexes
 + Level 5.4 Charms
 + Level 0.8 Summonings
 + Level 0.8 Necromancy
 + Level 0.8 Translocations
 + Level 0.8 Transmutations
 + Level 0.8 Fire Magic
 + Level 0.8 Ice Magic
 + Level 0.8 Air Magic
 + Level 0.8 Earth Magic
 + Level 0.8 Poison Magic
 + Level 1.2 Invocations
 + Level 1.1 Evocations


You had 2 spell levels left.
You knew the following spells:

 Your Spells              Type           Power        Failure   Level  Hunger
a - Infusion              Chrm           ###.         3%          1    None
b - Song of Slaying       Chrm           ###.....     4%          2    #......
c - Shroud of Golubria    Chrm/Tloc      ##........   13%         2    #......
d - Regeneration          Chrm/Necr      ##........   26%         3    ###....
e - Spectral Weapon       Hex/Chrm       ##......     26%         3    ###....

Your spell library contained the following spells:

 Spells                   Type           Power        Failure   Level  Hunger


Dungeon Overview and Level Annotations

Branches:
Dungeon (2/15)

Altars:
Qazlal


Innate Abilities, Weirdness & Mutations

Your experience applies equally to all skills.
You have very sharp teeth.
Your uncanny sense of smell can sniff out nearby items.
Your flesh is cold resistant. (rC+)
Your magical capacity is low. (-10% MP)


Message History

The orc wizard gestures at you while chanting.
The magic dart hits you! The worker ant misses you.
The orc wizard casts a spell at you. The magic dart hits you!
* * * LOW HITPOINT WARNING * * *
The orc throws a tomahawk.
The tomahawk hits you.
* * * LOW HITPOINT WARNING * * *
The orc hits you but does no damage.
You see here a tomahawk.
The orc priest looks braver for a moment.
The worker ant bites you but does no damage.
The worker ant closely misses you.
The orc wizard casts a spell.
The orc wizard blinks!
Your shroud begins to fray at the edges.
The worker ant bites you.
* * * LOW HITPOINT WARNING * * *
You are lethally poisoned!
The worker ant poisons you!
You die...

####### ###
#.....# +.#
#.....# #.#
#.....# #.#
#.....## #@#
#......######.#
####.....l.go.Sa.#
..........########
........###
........#
.....(..#
........+
...o....#


You could see a worker ant.

Vanquished Creatures
  2 adders (D:2)
  4 dart slugs
  3 leopard geckos
  4 giant cockroaches
  2 goblins (D:1)
  6 hobgoblins
  8 jackals
  7 kobolds
  A ball python (D:1)
  3 bats (D:1)
  2 frilled lizards
  4 rats (D:1)
46 creatures vanquished.

Notes
Turn   | Place    | Note
-------+----------+-------------------------------------------
     0 | D:1      | Leeroy the Gnoll Skald began the quest for the Orb.
     0 | D:1      | Reached XP level 1. HP: 20/20 MP: 6/6
    77 | D:1      | Reached XP level 2. HP: 24/26 MP: 7/7
    89 | D:1      | Learned a level 2 spell: Song of Slaying
    92 | D:1      | Learned a level 2 spell: Shroud of Golubria
   308 | D:1      | Reached XP level 3. HP: 28/31 MP: 9/9
   313 | D:1      | Learned a level 3 spell: Regeneration
   317 | D:1      | Learned a level 3 spell: Spectral Weapon
   346 | D:1      | Reached skill level 5 in Spellcasting
   861 | D:2      | Reached skill level 1 in Invocations
   915 | D:2      | Found a stormy altar of Qazlal.
   965 | D:2      | Reached skill level 1 in Short Blades
   965 | D:2      | Reached skill level 1 in Axes
   965 | D:2      | Reached skill level 1 in Maces & Flails
   965 | D:2      | Reached skill level 1 in Polearms
   965 | D:2      | Reached skill level 1 in Staves
   965 | D:2      | Reached skill level 1 in Slings
   965 | D:2      | Reached skill level 1 in Bows
   965 | D:2      | Reached skill level 1 in Crossbows
   965 | D:2      | Reached skill level 1 in Throwing
   965 | D:2      | Reached skill level 1 in Stealth
   965 | D:2      | Reached skill level 1 in Shields
   965 | D:2      | Reached skill level 1 in Unarmed Combat
   965 | D:2      | Reached skill level 1 in Evocations
   973 | D:2      | Reached XP level 4. HP: 27/38 MP: 11/11
  1087 | D:2      | You fall through a shaft for 2 floors!
  1102 | D:4      | Gained mutation: Your magical capacity is low. (-10% MP)
                  | [potion of mutation]
  1102 | D:4      | Gained mutation: Your flesh is cold resistant. (rC+)
                  | [potion of mutation]
  1123 | D:4      | HP: 1/38 [worker ant (6)]
  1124 | D:4      | Succumbed to a worker ant's poison

Vault maps used:
D:1:      tarquinn_simple_flora_water_a, serial_forest,
          infiniplex_forest_lined_ring, infiniplex_forest_lined_ring,
          infiniplex_forest_end_1, infiniplex_forest_clump_C,
          infiniplex_forest_straight_2
D:2:      nicolae_qazlal_general_emergency, uniq_crazy_yiuf_cottage
D:4:      zin_academy, kennysheep_little_box, minmay_temple_entry_proselytizer,
          first_ration, ebering_ghost_sewer_d

Skill      XL: |  1  2  3 |
---------------+----------+-----
Spellcasting   | 5 |  5.0
Invocations    | 1 |  1.2
Short Blades   | 1 |  1.1
Axes           | 1 |  1.1
Maces & Flails | 1 |  1.1
Polearms       | 1 |  1.1
Staves         | 1 |  1.1
Slings         | 1 |  1.1
Bows           | 1 |  1.1
Crossbows      | 1 |  1.1
Throwing       | 1 |  1.1
Stealth        | 1 |  1.1
Shields        | 1 |  1.1
Unarmed Combat | 1 |  1.1
Evocations     | 1 |  1.1
Fighting       | |  4.6
Long Blades    | |  4.6
Armour         | |  2.7
Dodging        | |  4.6
Conjurations   | |  0.8
Hexes          | |  0.8
Charms         | |  5.4
Summonings     | |  0.8
Necromancy     | |  0.8
Translocations | |  0.8
Transmutations | |  0.8
Fire Magic     | |  0.8
Ice Magic      | |  0.8
Air Magic      | |  0.8
Earth Magic    | |  0.8
Poison Magic   | |  0.8

Action                   |  1- 3 |  4- 6 || total
-------------------------+-------+-------++-------
Melee: Falchion          |    87 |    28 ||   115
       Bite              |     8 |     4 ||    12
Throw: Stone             |     1 |       ||     1
 Cast: Regeneration      |       |     2 ||     2
       Shroud of Golubri |       |     2 ||     2
  Use: Scroll            |       |     3 ||     3
       Potion            |       |     2 ||     2
 Stab: Distracted        |     1 |       ||     1
  Eat: Chunk             |       |     1 ||     1
Armor: Leather armour    |     8 |       ||     8
       Ring mail         |     4 |    20 ||    24
Dodge: Dodged            |    69 |    38 ||   107
       Rpst.: Falchion   |    23 |    11 ||    34

Table legend:
 A = Non-vault XP
 B = Vault XP
 C = Vault XP percentage of total XP
 D = Non-vault monster count
 E = Vault monster count
 F = Vault count percentage of total count
                 A         B        C        D         E       F
            +---------+---------+-------+---------+---------+-------
      Total |     113 |       0 |   0.0 |      46 |       0 |   0.0
            +---------+---------+-------+---------+---------+-------
        D:1 |      54 |       0 |   0.0 |      29 |       0 |   0.0
        D:2 |      59 |       0 |   0.0 |      17 |       0 |   0.0
            +---------+---------+-------+---------+---------+-------
